 Dungeon Crawl Stone Soup version 0.31.0-9-g3a7656b989 (webtiles) character file.

Game seed: 15003615997412586326

114 qw the Ducker (level 4, -7/22 HPs)
             Began as a Spriggan Hunter on Feb 2, 2024.
             Mangled by a goblin
             ... wielding a +2 dagger of electrocution
             ... led by Robin
              (18 damage)
             ... on level 3 of the Dungeon.
             The game lasted 00:00:06 (1991 turns).

qw the Ducker (Spriggan Hunter)                     Turns: 1991, Time: 00:00:06

Health: -7/22      AC:  2    Str:  7    XL:     4   Next: 67%
Magic:  5/5        EV: 20    Int: 10    God:
Gold:   143        SH:  0    Dex: 20    Spells: 3/3 levels left

rFire   . . .        a - +0 shortbow (freeze)
rCold   . . .        (shield currently unavailable)
rNeg    . . .        c - +0 robe
rPois   .            (helmet restricted)
rElec   .            (no cloak)
rCorr   .            (gloves unavailable)
SInv    +            (boots unavailable)
Will    .....        (no amulet)
Stlth   ++           (no ring)
HPRegen 0.23/turn    (no ring)
MPRegen 0.09/turn

%: no passive effects
@: very quick
A: very small, no large weapons, unfitting armour, see invisible, speed 3
a: no special abilities


You were on level 3 of the Dungeon.
You visited 1 branch of the dungeon, and saw 4 of its levels.

You collected 143 gold pieces.


Innate Abilities, Weirdness & Mutations

You are very small and have problems with some larger weapons.
You are too small for most types of armour.
You have supernaturally acute eyesight. (SInv)
You cover ground extremely quickly. (Speed+++)


   Skills:
 + Level 1.6 Fighting
 - Level 5.0 Ranged Weapons
 - Level 5.3 Dodging
 - Level 1.5 Stealth


You had 3 spell levels left.
You didn't know any spells.
Your spell library was empty.

Inventory:

Hand Weapons
 a - a +0 shortbow of freezing (weapon)
Armour
 c - a +0 robe (worn)
Potions
 b - a potion of enlightenment {unknown}
 d - 2 potions of curing
 f - a potion of mutation {unknown}
 g - a potion of haste {unknown}
 h - a potion of attraction {unknown}
 j - a potion of brilliance {unknown}
 k - a potion of lignification {unknown}

Dungeon Overview and Level Annotations

Branches:
Dungeon (4/15)
 Temple: D:4-7

Altars:

Shops:
D:1 *

Annotations:
D:4 Robin


Message History

There is an entrance to a sewer on this level.
Hurry and find it before the portal rusts away!
The goblin shouts! x3; The hobgoblin shouts!
The goblin shouts!
The hobgoblin shouts!
The goblin shouts!
The hobgoblin shouts!
Robin shouts!
You hear an angry hiss.
Found 3 stones.
There is a stone staircase leading up here.
There are monsters nearby!
Waypoint 3 assigned to D:4.
1983 ||| PLANNING SEWER;
1983 ||| STAIRDANCE The hound misses you.
The goblin hits you with a +2 dagger of electrocution.
Robin throws the goblin at you! The goblin barely misses you.
You climb upwards.
There is a stone staircase leading down here.
You shoot an arrow. The arrow hits the hound.
The arrow freezes the hound.
The hound is heavily wounded.
The hound completely misses you. The hound bites you.
The goblin barely misses you.
You shoot an arrow. The arrow barely misses the hound.
The hound misses you. The goblin completely misses you.
The hound completely misses you.
You shoot an arrow. The arrow hits the hound.
The arrow freezes the hound.
The hound is severely wounded.
The hound bites you. The goblin closely misses you.
You shoot an arrow.
The arrow hits the hound but does no damage.
The hound is severely wounded.
The hound bites you. The goblin misses you. The hound bites you.
You shoot an arrow. The arrow misses the hound.
The hound completely misses you. The goblin hits you but does no damage.
The hound closely misses you.
You shoot an arrow. The arrow closely misses the hound.
The goblin barely misses you. The hound misses you.
The goblin closely misses you. The hound completely misses you.
You shoot an arrow. The arrow closely misses the hound.
The hound barely misses you.
The goblin hits you with a +2 dagger of electrocution.
You are electrocuted!!
Ouch! That really hurt!
You die...

##.########### #........
##.# #.#..# #..###### #.#
#.##.# #########..##...#
#.#####.##.#
#................
#.......##.#
#.#####.>........
#######.##.###.##
#.##..))... #####.#...#...#
#.##....... #.......#..g[.#
#.##.#.....
#.###.#...#@h.####.##.##...#
#.# #.##.......%...##.....##
#.# #.###.#.#.###########.#
#.# #.# #.....######### #.#
#.# #.###.............###.##
#.# #.....#.########.%......
#.# #######.# ##.###.## #.#
#.# ### #.## #.# #.# #...


You could see a hound and a goblin.

Vanquished Creatures
  An orc priest (D:3)
  8 orcs (D:3)
  5 ball pythons
  6 bats (D:1)
  12 endoplasms
  3 giant cockroaches
  9 goblins
  4 hobgoblins
  4 jackals (D:1)
  3 kobolds
  3 quokkas
  6 rats
64 creatures vanquished.

Notes
Turn   | Place    | Note
-------+----------+-------------------------------------------
     0 | D:1      | qw the Spriggan Hunter began the quest for the Orb.
     0 | D:1      | Reached XP level 1. HP: 10/10 MP: 2/2
     0 | D:1      | 0 ||| qw: Version: 0.3-a-155-g5e7d8dd
     0 | D:1      | 0 ||| qw: Game counter: 2216
     0 | D:1      | 0 ||| qw: Melee chars always use a shield: true
     0 | D:1      | 0 ||| qw: God list: Okawaru
     0 | D:1      | 0 ||| qw: Allow faded altars: false
     0 | D:1      | 0 ||| qw: Do Orc after clearing Dungeon:15 true
     0 | D:1      | 0 ||| qw: Do second Lair branch before Depths: true
     0 | D:1      | 0 ||| qw: Lair rune preference: random
     0 | D:1      | 0 ||| qw: Goals: Normal
     0 | D:1      | 0 ||| PLANNING D:1-11
    36 | D:1      | Reached skill level 3 in Dodging
    74 | D:1      | Reached XP level 2. HP: 14/14 MP: 3/3
   153 | D:1      | Found Ogappaiq's General Store.
   163 | D:1      | 163 ||| SHOPLISTING +2 robe of cold resistance (177 gold,
                  | have 12).
   163 | D:1      | 163 ||| SHOPLISTING 2 potions of curing (60 gold, have 12).
   163 | D:1      | 163 ||| SHOPLISTING potion of heal wounds (50 gold, have
                  | 12).
   163 | D:1      | 163 ||| SHOPLISTING ring of protection from fire (250 gold,
                  | have 12).
   163 | D:1      | 163 ||| SHOPLISTING scroll of identify (20 gold, have 12).
   315 | D:1      | Reached XP level 3. HP: 18/18 MP: 4/4
   626 | D:1      | 626 ||| DROPPING ring of wizardry.
   627 | D:1      | 627 ||| READING scroll labelled XOGUNG JOACIL.
   628 | D:1      | 628 ||| READING scroll labelled ENOPAO SIATWO.
   628 | D:1      | 628 ||| BRANDING +0 shortbow.
   629 | D:1      | 629 ||| READING scroll labelled CUMABI ORUSI.
   630 | D:1      | 630 ||| READING scroll labelled ASIYRU HEUFYV.
   631 | D:1      | 631 ||| READING scroll labelled QEACIRGHINNU.
   666 | D:1      | 666 ||| DROPPING scroll of butterflies.
   741 | D:2      | Found a faded altar of an unknown god.
  1592 | D:3      | Reached XP level 4. HP: 22/22 MP: 5/5
  1936 | D:3      | 1936 ||| DROPPING amulet of magic regeneration.
  1937 | D:3      | 1937 ||| READING scroll labelled ITUX LEMUH.
  1937 | D:3      | 1937 ||| ENCHANTING +0 shortbow of freezing.
  1938 | D:3      | 1938 ||| DRINKING 3 grey potions.
  1982 | D:4      | Noticed Robin
  1983 | D:4      | 1983 ||| PLANNING SEWER
  1983 | D:4      | 1983 ||| STAIRDANCE
  1991 | D:3      | Mangled by a goblin

Levels and vault maps discovered:
D:1:      mrwooster_arrival_statue_3, layout_loops_ring, serial_shops, shop
D:2:      layout_basic, ebering_ecumenical_altar_abandoned
D:3:      layout_loops_ring, amcnicky_mini_rare_corridor_liquid
D:4:      layout_basic, mainiacjoe_overflow_small_starburst,
          minmay_temple_entry_drinking_statues, lightli_sewer_entry_pipes,
          serial_bayou_crossing, uniq_robin, uniq_eustachio

Skill      XL: |  1  2  3  4 |
---------------+-------------+-----
Dodging        | 3 4 5 |  5.3
Ranged Weapons | 5 |  5.0
Fighting       | |  1.6
Stealth        | |  1.5

Action                     |  1- 3 |  4- 6 || total
---------------------------+-------+-------++-------
   Fire: Shortbow          |    93 |    34 ||   127
    Use: Scroll            |     5 |     1 ||     6
         Potion            |       |     1 ||     1
 Armour: Robe              |     8 |     8 ||    16
  Dodge: Dodged            |    19 |    20 ||    39

Table legend:
 A = Non-vault XP
 B = Vault XP
 C = Vault XP percentage of total XP
 D = Non-vault monster count
 E = Vault monster count
 F = Vault count percentage of total count
                 A         B        C        D         E       F
            +---------+---------+-------+---------+---------+-------
      Total |     164 |       0 |   0.0 |      64 |       0 |   0.0
            +---------+---------+-------+---------+---------+-------
        D:1 |      57 |       0 |   0.0 |      32 |       0 |   0.0
        D:2 |      16 |       0 |   0.0 |       9 |       0 |   0.0
        D:3 |      91 |       0 |   0.0 |      23 |       0 |   0.0
            +---------+---------+-------+---------+---------+-------
